uu, chaotic female human Rogue -------------- |............-# |............|# --- --- --- -------|------## ..... .......| ## ## .............-# # # |.............|# ### # #-........ ....|# --------- ----- # # #@#---- --. --- # |.......-### |>..| ### # # [ |.).[...| # |...| # ### # |..._....######|...| ###### # # |...@...| # |...| --.------- ### # ### |........######-....#g@d# |.........########### #####`# f####----- |......=| #----- # |@.......| ### #-.----------.--# ##....| --------- ##.........| #|.............|# |...| |...@...<- C #-.............|########....| ---------- |..........`.(| ----- `###-.............| --------------- uu the Pilferer Experience level: 11 Strength: 18/07 Dexterity: 18 Constitution: 18 Intelligence: 10 Wisdom: 13 Charisma: 6 Health: 0(84) Energy: 48(48) Def: 12 Gold: 0 Moves: 29476 Dungeon seed: B-Up-v7TGeqYwpsu Game ID: uu_1529513366 Your Inventory: Amulets W - an uncursed amulet of reflection (being worn) Weapons w - the fireproof +0 Sting (weapon in hand) E - 12 +0 daggers (in quiver) Armor a - an uncursed +0 cloak of invisibility (being worn) e - an uncursed +0 pair of elven boots (being worn) r - an uncursed +0 elven shield (being worn) y - an uncursed +0 dwarvish mithril-coat (being worn) A - an uncursed +0 dwarvish iron helm (being worn) Scrolls s - an uncursed scroll of teleportation Potions L - an uncursed potion of extra healing Rings b - an uncursed ring of fire resistance (on right hand) f - an uncursed ring of invisibility M - an uncursed ring of protection from shape changers Q - an uncursed ring of see invisible (on left hand) Wands j - a wand of cancellation (0:6) t - a wand of sleep (0:4) u - a wand of undead turning (0:7) x - a wand of teleportation (0:0) F - a wand of sleep (0:0) I - a wand of teleportation (0:4) K - a wand of locking (0:6) R - a wand of undead turning (0:2) U - a wand of teleportation (0:5) V - a cursed wand of secret door detection (0:11) Tools d - a cursed credit card k - a blessed bag of holding l - a +0 unicorn horn P - an uncursed blindfold (being worn) Gems n - an uncursed flint stone Contents of the bag of holding: 5210 gold pieces 4 +1 daggers 30 +0 daggers 10 +0 daggers 3 +0 elven daggers a +0 worm tooth 2 uncursed C-rations an uncursed K-ration an uncursed banana 9 uncursed food rations an uncursed orange an uncursed pear 3 uncursed slime molds an uncursed scroll of amnesia 4 uncursed scrolls of blank paper 2 uncursed scrolls of confuse monster an uncursed scroll of destroy armor a cursed scroll of destroy armor a blessed scroll of earth an uncursed scroll of earth an uncursed scroll of enchant weapon an uncursed scroll of fire an uncursed scroll of genocide 2 uncursed scrolls of gold detection 2 uncursed scrolls of light 3 uncursed scrolls of magic mapping an uncursed scroll of punishment a blessed scroll of remove curse 3 uncursed scrolls of teleportation an uncursed spellbook of levitation an uncursed diluted potion of monster detection an uncursed potion of acid an uncursed potion of blindness an uncursed potion of booze a cursed potion of extra healing an uncursed potion of full healing an uncursed potion of gain level a cursed potion of hallucination an uncursed potion of healing 4 potions of holy water an uncursed potion of object detection a blessed potion of oil an uncursed potion of paralysis an uncursed potion of restore ability a blessed potion of speed an uncursed potion of water an uncursed ring of cold resistance an uncursed ring of conflict a cursed -1 ring of gain strength an uncursed ring of polymorph control an uncursed ring of searching a wand of cold (0:6) a wand of cold (0:5) a wand of digging (0:4) a wand of magic missile (0:8) a wand of magic missile (0:7) a cursed wand of magic missile (0:7) a wand of magic missile (0:5) a wand of magic missile (0:3) a wand of make invisible (0:4) a wand of speed monster (0:4) a fire horn (0:4) an uncursed lock pick a magic harp (0:4) a +0 unicorn horn 2 uncursed wax candles (0:400) 2 uncursed agate stones an uncursed amber stone an uncursed amethyst stone 2 uncursed diamonds 2 uncursed emeralds 2 uncursed topaz stones 2 uncursed turquoise stones 2 uncursed worthless pieces of black glass 6 uncursed worthless pieces of blue glass an uncursed worthless piece of green glass 4 uncursed worthless pieces of orange glass 2 uncursed worthless pieces of red glass 2 uncursed worthless pieces of violet glass 5 uncursed worthless pieces of white glass 4 uncursed worthless pieces of yellow glass 5 uncursed worthless pieces of yellowish brown glass Spells and supernatural/magical abilities: Name Level Category Fail Memory a - force bolt 1 attack 100% 68% k - knock 1 matter 100% 68% m - magic missile 2 attack 100% 74% z - sleep 1 enchantment 100% 68% H - haste self 3 escape 100% 85% L - levitation 4 escape 100% 63% W - pray for help -- divine ? -- Your skills at the end: Fighting Skills Weapon Skills dagger [Expert] short sword [Basic] Spellcasting Skills Final Attributes: You were piously aligned. You were fire resistant. You were cold resistant. You were sleep resistant. You were poison resistant. You saw invisible. You were telepathic. You were aware of the presence of orcs. You had automatic searching. You were invisible to others. You were stealthy. You had reflection. You are dead. Vanquished creatures: an Aleax a vampire 2 giant mimics a zruty a fire giant a flesh golem 2 large mimics a wumpus a long worm 2 couatls 3 stalkers a black naga a giant zombie a sergeant a water demon 4 wargs a small mimic a glass piercer a warhorse 3 xans an ettin mummy 2 quantum mechanics a pyrolisk 2 large dogs 3 freezing spheres a flaming sphere a large cat a tiger a gargoyle 2 dwarf kings 3 tengu an ochre jelly an elf mummy 4 human mummies a wraith a carnivorous ape an ettin zombie a Grey-elf a soldier 2 succubi 3 incubi a chameleon a giant beetle 3 quivering blobs 5 cockatrices 3 wolves 7 winter wolf cubs 2 lynxes a spotted jelly 29 leprechauns 2 iron piercers 2 mumakil 4 giant spiders a horse 2 ice vortices 3 black lights 2 vampire bats 2 forest centaurs 5 gnome kings 3 orc mummies a dwarf mummy 3 brown puddings 2 owlbears a yeti a gold golem 2 werewolves 3 lizards 3 chickatrices a dog 3 housecats 3 jaguars 5 dwarf lords a blue jelly a white unicorn 2 gray unicorns a dust vortex 5 ravens 2 plains centaurs 3 gnome mummies 5 snakes an ape 9 human zombies 3 rope golems 4 Woodland-elves a soldier ant 8 fire ants 6 bugbears a quasit 4 wood nymphs 2 water nymphs a mountain nymph 12 Mordor orcs 7 Uruk-hai 3 orc shamans 6 rock piercers 4 rock moles 3 fog clouds 8 yellow lights 5 shriekers 2 violet fungi 20 gnome lords 8 gnomish wizards 3 kobold mummies a black naga hatchling a golden naga hatchling 2 guardian naga hatchlings a gray ooze a barrow wight 15 elf zombies 4 ghouls 4 straw golems 3 paper golems 10 giant ants 3 little dogs 10 floating eyes 3 kittens 22 dwarves 2 homunculi 8 kobold lords a kobold shaman 12 hill orcs 20 rothes a rabid rat 5 centipedes 8 giant bats a monkey 7 orc zombies 10 dwarf zombies 2 wererats a werejackal 17 iguanas 27 killer bees 12 acid blobs 2 coyotes 4 gas spores 9 hobbits 23 manes 5 large kobolds 14 hobgoblins 9 giant rats 14 cave spiders 2 brown molds 7 yellow molds 2 green molds a red mold 60 gnomes 18 garter snakes 3 gnome zombies 18 geckos 19 jackals 6 foxes 8 kobolds 20 goblins 6 sewer rats 22 grid bugs 3 bats 10 lichens 3 kobold zombies 12 newts 825 creatures vanquished. Voluntary challenges: You used a wielded weapon 929 times, starting on turn 84. You read items or engraved 70 times, starting on turn 958. You never genocided any monsters. You never polymorphed an object. You never changed form. You used no wishes. You split 1 pudding, starting on turn 13923. You wrote Elbereth's name 26 times, starting on turn 2508. You violated your moral code, losing 44 points of alignment, starting on turn 20750. Dungeon overview: The Dungeons of Doom: levels 1 to 15 Level 1 a long staircase Level 2 a general store, an altar to Kos, a fountain stairs to The Gnomish Mines Level 3 a sink Level 4 Level 5 many fountains Level 6 a jewelry store, an altar to Kos stairs to Sokoban Level 7 a fountain Level 8 an altar to Mog Level 9 a fountain Level 10 a fountain Level 11 a fountain a magic portal Level 12 Level 13 a fountain Level 14 <- You were here a temple to Mog Level 15 The Gnomish Mines: levels 3 to 11 Level 3 stairs to The Dungeons of Doom Level 4 Level 5 many shops, a temple to Issek, some fountains Level 6 Level 7 Level 8 Level 9 Level 10 Level 11 a fountain Sokoban: levels 2 to 5 Level 2 Level 3 Level 4 Level 5 stairs to The Dungeons of Doom History has recorded: On T:1 you entered the Dungeons of Doom to retrieve the Amulet of Yendor! On T:266 you reached level 2 of The Dungeons of Doom. On T:560 you reached level 3 of The Dungeons of Doom. On T:643 you reached level 1 of The Gnomish Mines. On T:886 you advanced to experience level 2. On T:984 you reached level 4 of The Dungeons of Doom. On T:987 you advanced to experience level 3. On T:1665 you reached level 5 of The Dungeons of Doom. On T:1789 you advanced to experience level 4. On T:2191 you advanced to experience level 5. On T:2206 you reached level 6 of The Dungeons of Doom. On T:2436 you reached level 4 of Sokoban. On T:2739 you reached level 3 of Sokoban. On T:3909 you reached level 2 of Sokoban. On T:4212 you advanced to experience level 6. On T:4484 you reached level 1 of Sokoban. On T:5604 you advanced to experience level 7. On T:7709 you reached level 7 of The Dungeons of Doom. On T:7766 you reached level 8 of The Dungeons of Doom. On T:8530 you reached level 9 of The Dungeons of Doom. On T:9490 you reached level 10 of The Dungeons of Doom. On T:10049 you advanced to experience level 8. On T:11818 you reached level 2 of The Gnomish Mines. On T:12997 you reached level 4 of The Gnomish Mines. On T:13309 you reached level 3 of The Gnomish Mines. On T:15893 you advanced to experience level 9. On T:17731 you reached level 6 of The Gnomish Mines. On T:18572 you reached level 7 of The Gnomish Mines. On T:19185 you reached level 8 of The Gnomish Mines. On T:19650 you reached level 9 of The Gnomish Mines. On T:22648 you received Sting from Kos. On T:24343 you reached level 11 of The Dungeons of Doom. On T:24671 you reached level 12 of The Dungeons of Doom. On T:24929 you reached level 13 of The Dungeons of Doom. On T:25012 you advanced to experience level 11. On T:26206 you reached level 14 of The Dungeons of Doom. On T:28947 you reached level 15 of The Dungeons of Doom. Score breakdown: Gold: 5210 (12643 points) Experience: 11 levels (17616 points) Exploration: 15 levels ( 31.91%) (16550 points) Discoveries: 47 items ( 15.77%) (11914 points) Valuables value: (no points given unless you survive) Artifact value: 800 ( 9877 points) Variety of kills: 159 monsters ( 41.73%) (19380 points) Turncount: 29476 turns (-3975 points) Survival: died (score multiplied by 80%) Total score: 67204 Latest messages: You are now wearing a blindfold. You can't see any more. You hear some noises. You hear some noises in the distance. The mountain centaur bumps right into you! You displace your invisible large dog. The dagger hits the winged gargoyle! You hear a chugging sound. You hit the winged gargoyle. The winged gargoyle hits! (2x) The winged gargoyle bites! You hit the winged gargoyle. The winged gargoyle hits! (2x) The winged gargoyle misses. The winged gargoyle hits! (2x) The winged gargoyle bites! You throw 2 daggers. The 1st dagger hits the winged gargoyle! The 2nd dagger hits the winged gargoyle. The winged gargoyle hits! (2x) The winged gargoyle bites! The winged gargoyle misses. The winged gargoyle hits! You die... Final status: Goodbye uu the Rogue, killed by a winged gargoyle... You died in The Dungeons of Doom on dungeon level 14 with 67204 points, and 5210 pieces of gold, after 29476 moves. You were level 11 with a maximum of 84 hit points when you died.